 Dungeon Crawl Stone Soup version 0.20.1-1-g8b1a95d (webtiles) character file.

143744 raph the Impaler (level 16, -31/144 HPs)
             Began as a Minotaur Monk on Dec 24, 2017.
             Was the Champion of Yredelemnul.
             Annihilated by an Ice Fiend (50 damage)
             ... in an ice cave.
             The game lasted 01:36:10 (31495 turns).

raph the Impaler (Minotaur Monk)                   Turns: 31495, Time: 01:36:11

Health: -31/144    AC: 22    Str: 21    XL:     16   Next: 83%
Magic:  23/23      EV: 21    Int: 12    God:    Yredelemnul [******]
Gold:   410        SH: 15    Dex: 19    Spells: 7/21 levels left

rFire    + . .     SeeInvis .   a - +9 spear (flame)
rCold    . . .     Gourm    .   m - +2 shield {reflect}
rNeg     . . .     Faith    .   A - +2 leather armour of Abstinence {Str+4 Int+5}
rPois    .         Spirit   .   V - +2 hat
rElec    .         Reflect  +   X - +2 cloak
rCorr    .         Harm     .   M - +2 pair of gloves
MR       +....                  C - +2 pair of boots
Stlth    +++.......             (no amulet)
Regen    0.4/turn               H - +3 ring of protection
MPRegen  0.2/turn               k - ring "Zicli" {rF+ Slay+2}

@: no status effects
A: retaliatory headbutt, horns 2
a: Recall Undead Slaves, Injury Mirror, Animate Dead, Drain Life, Enslave Soul,
Renounce Religion


You were in an ice cave.
You worshipped Yredelemnul.
Yredelemnul was exalted by your worship.
You were not hungry.

You visited 4 branches of the dungeon, and saw 26 of its levels.
You visited the Abyss 1 time.
You also visited: Sewer, Ice Cave and Volcano.

You collected 2289 gold pieces.
You spent 1879 gold pieces at shops.

Inventory:

Hand Weapons
 a - a +9 spear of flaming (weapon)
 b - the +7 hand crossbow of Trauma {elec, *Slow +Blink rPois}
   (You bought it in a shop on level 9 of the Dungeon)

   It charges the ammunition it shoots with electricity; occasionally upon a
   hit, such missiles may discharge and cause terrible harm.
   It protects you from poison.
   It lets you blink.
   It may slow you when you take damage.
Missiles
 d - 46 tomahawks (quivered)
 q - 167 bolts
Armour
 m - a +2 shield of reflection (worn)
 A - the +2 leather armour of Abstinence (worn) {Str+4 Int+5}
   (You found it on level 2 of the Lair of Beasts)

   It affects your strength (+4).
   It affects your intelligence (+5).
 C - a +2 pair of boots (worn)
 M - a +2 pair of gloves (worn)
 V - a +2 hat (worn)
 X - a +2 cloak (worn)
Magical Staves
 P - an uncursed staff of wizardry
Jewellery
 k - the ring "Zicli" (right hand) {rF+ Slay+2}
   (You took it off a vampire on level 13 of the Dungeon)

   [ring of protection from fire]

   It affects your accuracy and damage with ranged weapons and melee attacks
   (+2).
   It protects you from fire.
 H - a +3 ring of protection (left hand)
 J - an uncursed ring of flight
Wands
 o - a wand of iceblast (8/15)
 w - a wand of digging (13/24)
 E - a wand of flame (8/48)
 G - a wand of lightning (6/15)
 S - a wand of disintegration (12/24)
 T - a wand of clouds (4/9)
 W - a wand of acid (3/15)
Scrolls
 e - 11 scrolls of teleportation
 p - a scroll of silence
 r - 6 scrolls of recharging
 s - 10 scrolls of identify
 t - 5 scrolls of blinking
 v - 5 scrolls of fog
 F - a scroll of magic mapping
 K - 3 scrolls of remove curse
 O - 2 scrolls of fear
Potions
 g - a potion of magic
 h - 9 potions of curing
 i - 10 potions of might
 l - 9 potions of heal wounds
 u - a potion of cancellation
 D - 2 potions of haste
 L - a potion of flight
 N - 2 potions of berserk rage
 U - a potion of agility
 Y - 2 potions of ambrosia
 Z - 3 potions of resistance
Miscellaneous
 y - a phial of floods
 B - a lamp of fire
Comestibles
 c - 15 bread rations
 n - 4 fruits


   Skills:
 + Level 13.3 Fighting
   Level 3.8(12.2) Axes
 * Level 17.3(17.4) Polearms
 - Level 12.3 Armour
 - Level 11.5 Dodging
 - Level 4.5 Stealth
 * Level 12.2 Shields
 + Level 3.1 Spellcasting
 - Level 2.2 Charms
 - Level 2.3 Necromancy
 - Level 1.7 Translocations
 + Level 10.6 Invocations
 + Level 7.8 Evocations


You had 7 spell levels left.
You knew the following spells:

 Your Spells              Type           Power        Failure   Level  Hunger
a - Blink                 Tloc           N/A          28%         2    ###....
b - Shroud of Golubria    Chrm/Tloc      #.........   26%         2    ###....
c - Song of Slaying       Chrm           #.......     24%         2    ###....
d - Regeneration          Chrm/Necr      #.........   41%         3    ###....
e - Spectral Weapon       Hex/Chrm       #.......     58%         3    ###....
f - Swiftness             Chrm/Air       #.......     36%         2    ###....


Dungeon Overview and Level Annotations

Branches:
Dungeon (15/15)              Lair (6/6) D:11         Shoals (3/4) Lair:2
 Spider (0/4) Lair:4        Slime (0/5) Lair:5          Orc (2/2) D:10
    Elf (0/3) Orc:2        Vaults (0/5) D:14         Depths (0/5) D:15
 Temple: D:4-7

Altars:
Ashenzari
Cheibriados
Dithmenos
Hepliaklqana
Kikubaaqudgha
Nemelex Xobeh
Qazlal
Sif Muna
Trog
Uskayaw
Vehumet
Xom
Yredelemnul
The Shining One
Beogh

Shops:
D:9 (   D:11 ?%=   Orc:1 *%   Orc:2 ([(:!(   Shoals:2 *

Annotations:
D:4 OnekoMk1's ghost, amateur DEAE


Innate Abilities, Weirdness & Mutations

You reflexively headbutt those who attack you in melee.
You have a pair of horns on your head.


Message History

Your body is wracked with pain!
Found eight items.
There is an open door here.
The Ice Fiend gestures at you. The bolt of cold hits you!
* * * LOW HITPOINT WARNING * * *
You see here a potion of brilliance.
You hit the Ice Fiend but do no damage. Your headbutt misses the Ice Fiend.
The Ice Fiend gestures at you. The bolt of cold misses you.
You hit the Ice Fiend. You burn the Ice Fiend. You headbutt the Ice Fiend.
The Ice Fiend is lightly wounded.
You closely miss the Ice Fiend.
The Ice Fiend is lightly wounded.
The Ice Fiend claws you but does no damage.
The Ice Fiend claws you!!
* * * LOW HITPOINT WARNING * * *
The Ice Fiend freezes you!!!
You die...
Your body rises from the dead as a mindless zombie.

### ####.####
#.......#
#.##'##.#
#.#[@[#.#
#.#?1)#.#
##.#???#.##
####8.#####.8####
#...............#
#'######'######'#
#.#.'.......'.#.#
#.###.8...8.###.#
#.#.'.......'.#.#


You could see an Ice Fiend.

Vanquished Creatures
  Rupert (D:12)
  A tentacled starspawn (Abyss:3)
  Kirke (Shoals:1)
  Donald (Shoals:1)
  Louise (Shoals:1)
  An ettin (D:15)
  A blizzard demon (Abyss:3)
  An ogre mage (D:15)
  8 hydras
  The ghost of AdmiralAndromeda the Destroyer, a journeyman TeCj of Vehumet (D:13)
  2 merfolk avatars
  A catoblepas (Lair:6)
  10 two-headed ogres
  A death yak (Lair:6)
  4 centaur warriors
  A deep troll shaman (Lair:6)
  2 thrashing horrors (Abyss:3)
  A sun demon (Abyss:3)
  4 skeletal warriors (D:14)
  A sea snake (Shoals:1)
  An unseen horror (D:12)
  A wizard (D:13)
  Pikel (D:9)
  2 deep elf magi
  An orc knight (Orc:2)
  4 harpies
  3 orc sorcerers
  4 cyclopes
  2 ugly things
  5 elephants (Lair:6)
  The ghost of Exporg the Cudgeler, a novice GrMo of Okawaru (D:7)
  A worldbinder (Abyss:3)
  2 black mambas (Lair:5)
  4 large abominations (Abyss:3)
  5 manticores
  3 merfolk sirens
  A torpor snail (Lair:4)
  3 ice statues (IceCv)
  A shock serpent skeleton (Abyss:3)
  6 centaur skeletons
  10 spiny frogs
  A gargoyle (D:12)
  A freezing wraith (D:12)
  A rime drake (Lair:2)
  A kobold demonologist (D:12)
  3 yaktaurs
  A rime drake (shapeshifter) (D:15)
  6 komodo dragons
  7 ice devils (IceCv)
  A polar bear (Lair:6)
  4 merfolk
  3 hornets
  4 trolls
  11 hippogriffs
  A raiju (Abyss:3)
  11 blink frogs
  6 dream sheep (Lair:4)
  7 flying skulls (D:13)
  3 shadows
  24 yaks
  A tarantella (shapeshifter) (D:14)
  A vampire (D:13)
  A spriggan (D:7)
  2 wraiths
  A ynoxinul (Abyss:3)
  2 water elementals (D:12)
  A hog (Shoals:1)
  A dire elephant simulacrum (IceCv)
  8 wyverns
  2 basilisks
  A steam dragon (D:11)
  A hungry ghost (D:12)
  4 harpy simulacra (IceCv)
  A warg (Orc:2)
  5 hydra simulacra (IceCv)
  11 water moccasins
  7 porcupines
  3 small abominations (Abyss:3)
  7 black bears
  18 orc warriors
  2 sky beasts
  3 phantoms
  An eye of draining (D:10)
  6 boggarts (D:15)
  3 ogres
  2 wolves
  11 centaurs
  13 crocodiles
  2 big kobolds (Sewer)
  14 bullfrogs
  16 killer bees
  2 scorpions
  2 wights (D:10)
  4 electric eels (D:12)
  5 howler monkeys
  6 crimson imps
  A bullfrog zombie (D:9)
  3 centaur zombies
  A quasit (D:12)
  5 hounds
  3 human zombies (D:13)
  2 jellies
  13 orc priests
  A bullfrog skeleton (D:8)
  An iguana (D:7)
  Natasha (thrice) (D:3)
  16 orc wizards
  4 hell rats (Lair:2)
  11 worker ants
  2 worker ant zombies (D:8)
  14 adders
  A howler monkey skeleton (D:5)
  4 river rats (D:13)
  3 gnolls (D:5)
  2 shadow imps (D:5)
  A white imp (Abyss:3)
  4 oozes
  2 adder zombies (D:7)
  5 worms
  An adder skeleton (D:9)
  3 dart slugs
  7 leopard geckos
  86 orcs
  2 ball pythons
  A bat zombie (D:13)
  11 giant cockroaches
  26 goblins
  23 hobgoblins
  12 jackals
  7 quokkas
  14 bats
  5 frilled lizards
  26 kobolds
  A leopard gecko skeleton (D:5)
  20 rats
  A starspawn tentacle (Abyss:3)
719 creatures vanquished.

Vanquished Creatures (collateral kills)
  Saint Roka (Orc:2)
  Gastronok (D:11)
  A tentacled starspawn (Abyss:3)
  The ghost of Monsterracer the Spear-Bearer, a journeyman DgWn (D:13)
  A balrug (Abyss:3)
  Aizul (Shoals:1)
  A vampire knight (D:13)
  A red draconian (Volcano)
  The ghost of Zeloya the Pandemonic, a journeyman KoAE of Makhleb (Lair:3)
  2 hydras
  2 merfolk aquamancers (Shoals:2)
  3 merfolk avatars
  A centaur warrior (D:15)
  2 two-headed ogres
  2 vampire magi
  A satyr (Shoals:3)
  3 death yaks (Lair:6)
  A wretched star (Abyss:3)
  2 thrashing horrors (Abyss:3)
  A fire crab (shapeshifter) (D:14)
  A deep troll (D:15)
  A death drake (shapeshifter) (D:15)
  A glowing orange brain (Abyss:3)
  A deep elf archer (D:15)
  4 sea snakes
  A lindwurm (Lair:6)
  11 harpies
  An orc knight (Orc:2)
  An ugly thing (D:11)
  An orc sorcerer (Orc:2)
  3 oklob plants
  2 manticores
  4 fauns
  A merfolk siren (Shoals:2)
  Joseph (D:9)
  3 water nymphs
  5 elephants (Lair:6)
  4 spiny frogs
  A centaur skeleton (D:10)
  2 komodo dragons
  An ancient zyme (Abyss:3)
  3 trolls
  A polar bear (Lair:6)
  7 merfolk
  2 wind drakes
  3 hornets
  3 snapping turtles
  A hippogriff (Lair:6)
  3 blink frogs
  3 dream sheep (Shoals:3)
  6 vampires (D:13)
  10 flying skulls (D:13)
  7 yaks
  4 water elementals (Shoals:2)
  2 basilisks
  A hog (Shoals:1)
  A wraith (Abyss:3)
  A steam dragon (D:11)
  A small abomination (Abyss:3)
  3 water moccasins
  A porcupine (D:13)
  A floating eye (shapeshifter) (D:14)
  7 orc warriors
  2 sky beasts
  An ice beast (D:15)
  A black bear (Lair:6)
  7 wolves
  A phantom (D:14)
  2 boggarts (D:15)
  8 centaurs
  5 crocodiles
  5 bullfrogs
  A wyvern skeleton (D:6)
  5 killer bees
  A wight (D:10)
  4 electric eels (D:12)
  A crimson imp (D:7)
  A bullfrog zombie (D:10)
  4 human zombies (D:13)
  A jelly (D:8)
  5 orc priests
  3 hounds
  An iguana (D:9)
  6 orc wizards
  A worker ant (D:12)
  A howler monkey zombie (D:9)
  4 gnolls (D:5)
  An adder skeleton (D:7)
  29 orcs
  10 goblins
  5 hobgoblins (D:5)
  A jackal (D:6)
  2 quokkas
  A bat (D:13)
  A kobold (Sewer)
  2 rats
  4 bushes
  25 fungi
  47 plants
  A starspawn tentacle (Abyss:3)
350 creatures vanquished.

Vanquished Creatures (others)
  A vampire knight (D:14)
  2 flayed ghosts
  2 phantasmal warriors
  2 hydra zombies
  An ugly thing zombie (D:12)
  7 flying skulls
  2 vampires
  2 wraiths
  A water nymph zombie (Shoals:1)
  2 spiny frog zombies
  2 blink frog zombies (Lair:6)
  A hornet zombie (Lair:3)
  2 hippogriff zombies
  A yaktaur zombie (Volcano)
  5 water moccasin zombies
  2 wyvern zombies
  An elf skeleton (Lair:6)
  2 yak zombies (Lair:5)
  2 wights (Lair:6)
  2 bullfrog zombies
  5 centaur zombies
  A spectral orc (Shoals:2)
  A black bear zombie (D:12)
  A bullfrog skeleton (Lair:3)
  An orc wizard (D:14)
  5 killer bee zombies
  A crocodile zombie (Lair:3)
  A mummy (D:8)
  An adder zombie (D:10)
  A felid zombie (D:3)
  3 bat zombies
  2 giant cockroach zombies
  A goblin zombie (D:3)
  A jackal zombie (D:10)
  A kobold zombie (D:3)
  A leopard gecko skeleton (D:6)
  3 orc skeletons (Lair:6)
  20 orc zombies
  2 rat zombies
  7 fungi
  28 plants
  2 starspawn tentacles (Abyss:3)
131 creatures vanquished.

Grand Total: 1200 creatures vanquished

Notes
Turn   | Place    | Note
-------+----------+-------------------------------------------
     0 | D:1      | raph the Minotaur Monk began the quest for the Orb.
     0 | D:1      | Reached XP level 1. HP: 19/19 MP: 0/0
   330 | D:1      | Reached XP level 2. HP: 27/27 MP: 1/1
   477 | D:1      | Reached skill level 1 in Polearms
   732 | D:1      | Reached XP level 3. HP: 33/33 MP: 2/2
   846 | D:2      | Reached skill level 2 in Polearms
   969 | D:2      | Found a basalt altar of Yredelemnul.
   988 | D:2      | Became a worshipper of Yredelemnul the Dark
   988 | D:2      | Reached * piety under Yredelemnul
   988 | D:2      | Reached ** piety under Yredelemnul
  1163 | D:2      | Reached XP level 4. HP: 40/40 MP: 3/3
  1241 | D:2      | Found a basalt altar of Yredelemnul.
  1247 | D:2      | Noticed a profane servitor
  1254 | D:2      | Found a glowing golden altar of the Shining One.
  1256 | D:2      | Noticed an angel
  1897 | D:3      | Noticed Natasha
  1913 | D:3      | Killed Natasha
  1969 | D:3      | Noticed Natasha
  1991 | D:3      | Your ally Natasha died
  1993 | D:3      | Killed Natasha
  1993 | D:3      | Reached skill level 3 in Polearms
  1993 | D:3      | Reached skill level 1 in Shields
  1993 | D:3      | Reached skill level 1 in Invocations
  1993 | D:3      | Reached XP level 5. HP: 31/47 MP: 1/4
  2002 | D:3      | Noticed Natasha
  2012 | D:3      | Killed Natasha
  2557 | D:3      | Reached skill level 1 in Armour
  3067 | D:4      | Found a snail-covered altar of Cheibriados.
  3089 | D:4      | Noticed OnekoMk1's ghost (amateur DEAE)
  3480 | D:5      | Entered Level 5 of the Dungeon
  3513 | D:5      | Found a shadowy altar of Dithmenos.
  3520 | D:5      | Reached XP level 6. HP: 49/53 MP: 6/6
  3630 | D:5      | Reached *** piety under Yredelemnul
  3635 | D:5      | Reached skill level 4 in Polearms
  3741 | D:5      | Found a glowing drain.
  3762 | Sewer    | Entered a sewer
  3922 | Sewer    | Reached XP level 7. HP: 60/60 MP: 2/7
  4082 | Sewer    | Reached skill level 5 in Fighting
  4236 | D:5      | Reached skill level 5 in Dodging
  4244 | D:5      | Reached **** piety under Yredelemnul
  4454 | D:5      | Reached skill level 5 in Polearms
  4773 | D:5      | Received a gift from Yredelemnul (3 flying skulls)
  4824 | D:5      | Received a gift from Yredelemnul (a wight)
  5210 | D:5      | Reached ***** piety under Yredelemnul
  5244 | D:5      | Received a gift from Yredelemnul (a wight)
  5331 | D:5      | Reached skill level 6 in Polearms
  5431 | D:6      | Reached XP level 8. HP: 69/69 MP: 9/9
  5712 | D:6      | Found a stormy altar of Qazlal.
  5851 | D:6      | Found a shimmering altar of Xom.
  5967 | D:7      | Received a gift from Yredelemnul (a mummy)
  6063 | D:7      | Reached skill level 7 in Polearms
  6077 | D:7      | Noticed Exporg's ghost (novice GrMo)
  6086 | D:7      | Killed Exporg's ghost
  6392 | D:7      | Found a sparkling altar of Nemelex Xobeh.
  6571 | D:7      | Reached skill level 5 in Armour
  6571 | D:7      | Reached XP level 9. HP: 70/78 MP: 11/11
  7205 | D:8      | Noticed a two-headed ogre
  7214 | D:8      | Killed a two-headed ogre
  7214 | D:8      | Reached skill level 8 in Polearms
  7214 | D:8      | Reached skill level 5 in Shields
  7727 | D:8      | Found a deep blue altar of Sif Muna.
  7751 | D:8      | Found a snail-covered altar of Cheibriados.
  7759 | D:8      | Found an ancient bone altar of Kikubaaqudgha.
  7759 | D:8      | Found a hide-covered altar of Uskayaw.
  7947 | D:8      | Received a gift from Yredelemnul (a wraith)
  8386 | D:8      | Noticed a two-headed ogre
  8392 | D:8      | Killed a two-headed ogre
  8392 | D:8      | Reached skill level 9 in Polearms
  8392 | D:8      | Reached skill level 5 in Invocations
  8392 | D:8      | Reached XP level 10. HP: 88/88 MP: 12/12
  8507 | D:8      | Noticed a moth of wrath
  8510 | D:8      | Found a bloodstained altar of Trog.
  8704 | D:9      | Noticed a two-headed ogre
  8887 | D:9      | Found Laulot's Antique Weapon Shoppe.
  8912 | D:9      | Bought a polished hand crossbow for 255 gold pieces
  8912 | D:9      | Identified the +7 hand crossbow of Trauma {elec, *Slow +Blink rPois} (You bought it in a shop on level 9 of the Dungeon)
  9216 | D:9      | Found a hazy altar of Hepliaklqana.
  9216 | D:9      | Found a radiant altar of Vehumet.
  9234 | D:9      | Received a gift from Yredelemnul (a vampire)
  9311 | D:9      | Killed a two-headed ogre
  9311 | D:9      | Reached skill level 10 in Polearms
  9453 | D:9      | Noticed Joseph
  9469 | D:9      | Killed Joseph
  9694 | D:9      | Noticed Pikel
  9702 | D:9      | Killed Pikel
  9899 | D:10     | Entered Level 10 of the Dungeon
 10080 | D:10     | Reached XP level 11. HP: 89/95 MP: 14/14
 10308 | D:10     | Found a staircase to the Orcish Mines.
 10772 | D:10     | Received a gift from Yredelemnul (4 flying skulls)
 11110 | D:11     | Noticed a six-headed hydra
 11118 | D:11     | Killed a six-headed hydra
 11118 | D:11     | Reached skill level 11 in Polearms
 11264 | D:11     | Found Fudycsoc's Jewellery Shop.
 11272 | D:11     | Bought a +4 ring of strength for 297 gold pieces
 11298 | D:11     | Noticed a two-headed ogre
 11304 | D:11     | Killed a two-headed ogre
 11304 | D:11     | Reached skill level 1 in Evocations
 11357 | D:11     | Noticed a red ugly thing
 11365 | D:11     | Killed a red ugly thing
 11491 | D:11     | Found Xiqol's Magic Scroll Shop.
 11640 | D:11     | Found a staircase to the Lair.
 11970 | D:11     | Noticed a cyan ugly thing
 11977 | D:11     | Killed a cyan ugly thing
 12002 | D:11     | Reached ****** piety under Yredelemnul
 12014 | D:11     | Received a gift from Yredelemnul (a wight)
 12046 | D:11     | Noticed Gastronok
 12071 | D:11     | Killed Gastronok
 12071 | D:11     | Reached skill level 12 in Polearms
 12175 | D:11     | Found Mirr's Food Boutique.
 12310 | Lair:1   | Entered Level 1 of the Lair of Beasts
 12365 | Lair:1   | Learned a level 2 spell: Blink
 13065 | Lair:2   | Found a staircase to the Shoals.
 13098 | Lair:2   | Got a bronze leather armour
 13109 | Lair:2   | Identified the +2 leather armour of Abstinence {Str+4 Int+5} (You found it on level 2 of the Lair of Beasts)
 13171 | Lair:2   | Reached XP level 12. HP: 106/106 MP: 16/16
 14037 | Lair:3   | Found a dark tunnel.
 14044 | Volcano  | Entered a volcano
 14126 | Volcano  | Noticed a centaur warrior
 14130 | Volcano  | Received a gift from Yredelemnul (a skeletal warrior)
 14136 | Volcano  | Killed a centaur warrior
 14311 | Volcano  | Noticed a red draconian
 14339 | Volcano  | Killed a red draconian
 14811 | Lair:3   | Reached skill level 10 in Fighting
 14812 | Lair:3   | Noticed Zeloya's ghost (journeyman KoAE)
 14852 | Lair:3   | Killed Zeloya's ghost
 15074 | Lair:3   | Noticed a six-headed hydra
 15080 | Lair:3   | Received a gift from Yredelemnul (a wraith)
 15125 | Lair:3   | Killed a six-headed hydra
 15133 | Lair:3   | Reached skill level 13 in Polearms
 15455 | Lair:3   | Noticed a six-headed hydra
 15463 | Lair:3   | Killed a six-headed hydra
 16047 | Lair:3   | Noticed a four-headed hydra
 16057 | Lair:3   | Killed a four-headed hydra
 16174 | Lair:3   | Noticed a seven-headed hydra
 16182 | Lair:3   | Killed a seven-headed hydra
 16556 | Lair:4   | Reached XP level 13. HP: 110/114 MP: 18/18
 16574 | Lair:4   | Found a hole to the Spider Nest.
 16690 | Lair:4   | Reached skill level 10 in Armour
 17503 | D:11     | Bought a scroll of enchant weapon for 135 gold pieces
 17503 | D:11     | Bought a scroll of remove curse for 54 gold pieces
 17503 | D:11     | Bought a scroll of enchant armour for 135 gold pieces
 17987 | Lair:5   | Received a gift from Yredelemnul (a skeletal warrior)
 18113 | Lair:5   | Reached skill level 14 in Polearms
 18262 | Lair:5   | Found a staircase to the Slime Pits.
 18572 | Lair:5   | Received a gift from Yredelemnul (a phantasmal warrior)
 18828 | Lair:6   | Entered Level 6 of the Lair of Beasts
 18860 | Lair:6   | Reached skill level 10 in Shields
 18871 | Lair:6   | Reached skill level 10 in Dodging
 18871 | Lair:6   | Reached skill level 5 in Evocations
 18871 | Lair:6   | Reached XP level 14. HP: 110/124 MP: 17/19
 18947 | Lair:6   | Received a gift from Yredelemnul (a flayed ghost)
 19263 | Lair:6   | Received a gift from Yredelemnul (a flayed ghost)
 19349 | Lair:6   | Reached skill level 15 in Polearms
 19354 | Lair:6   | Received a gift from Yredelemnul (a vampire)
 20583 | D:13     | Noticed AdmiralAndromeda's ghost (journeyman TeCj)
 20594 | D:13     | Killed AdmiralAndromeda's ghost
 20718 | D:13     | Received a gift from Yredelemnul (a vampire)
 20811 | Orc:1    | Entered Level 1 of the Orcish Mines
 21144 | Orc:1    | Found Tasoic's General Store.
 21171 | Orc:1    | Received a gift from Yredelemnul (a ghoul)
 21247 | Orc:1    | Found Siofoki's Food Shoppe.
 21300 | Orc:2    | Entered Level 2 of the Orcish Mines
 21300 | Orc:2    | Found Cushrene's Book Shoppe.
 21300 | Orc:2    | Found Kas Ute's Distillery.
 21406 | Orc:2    | Bought a potion of haste for 100 gold pieces
 21542 | Orc:2    | Found a roughly hewn altar of Beogh.
 21601 | Orc:2    | Noticed Saint Roka
 21612 | Orc:2    | Found Xito's Antique Weapon Shoppe.
 21612 | Orc:2    | Killed Saint Roka
 21612 | Orc:2    | Reached XP level 15. HP: 57/132 MP: 1/21
 21613 | Orc:2    | Found a roughly hewn altar of Beogh.
 21614 | Orc:2    | Found Micso's Antique Armour Emporium.
 21660 | Orc:2    | Bought a bloodstained cloak for 199 gold pieces
 21670 | Orc:2    | Identified the +0 cloak of Xuuf {rElec rF+ MR-} (You bought it in a shop on level 2 of the Orcish Mines)
 21985 | Orc:2    | Found a staircase to the Elven Halls.
 22036 | Orc:2    | Found a roughly hewn altar of Beogh.
 22037 | Orc:2    | Found Bonaef's Antique Weapon Boutique.
 22105 | Orc:2    | Found a roughly hewn altar of Beogh.
 22315 | Orc:2    | Found a roughly hewn altar of Beogh.
 22435 | Orc:2    | Found a roughly hewn altar of Beogh.
 22509 | Orc:2    | Found a roughly hewn altar of Beogh.
 22555 | Orc:2    | Found a roughly hewn altar of Beogh.
 22579 | Orc:2    | Found Goowkag's Weapon Emporium.
 22832 | D:13     | Received a gift from Yredelemnul (a flayed ghost)
 23048 | D:13     | Noticed Monsterracer's ghost (journeyman DgWn)
 23259 | D:12     | Received a gift from Yredelemnul (a skeletal warrior)
 23280 | D:12     | Identified the Incunabulum of Sinister Augmentations
 23466 | D:12     | Received a gift from Yredelemnul (a vampire)
 23619 | D:12     | Noticed Rupert
 23643 | D:12     | Killed Rupert
 23643 | D:12     | Reached skill level 1 in Translocations
 24235 | D:12     | Received a gift from Yredelemnul (a vampire knight)
 24404 | D:13     | Found a shattered altar of Ashenzari.
 24462 | D:13     | Got a warped gossamer ring
 24550 | D:13     | Paralysed by a vampire knight for 6 turns
 24564 | D:13     | Found an ancient bone altar of Kikubaaqudgha.
 24577 | D:13     | Got a slimy bronze ring
 24702 | D:13     | Killed Monsterracer's ghost
 24702 | D:13     | Reached skill level 1 in Spellcasting
 24967 | Orc:2    | Bought a book of Battle for 680 gold pieces
 24970 | Orc:2    | Learned a level 2 spell: Shroud of Golubria
 24973 | Orc:2    | Learned a level 2 spell: Song of Slaying
 24977 | Orc:2    | Learned a level 3 spell: Regeneration
 24981 | Orc:2    | Learned a level 3 spell: Spectral Weapon
 25034 | D:10     | Identified the ring "Zicli" {rF+ Slay+2} (You took it off a vampire on level 13 of the Dungeon)
 25036 | D:10     | Identified the ring "Immuk" {rElec rPois rF- EV+2 Int-4} (You took it off a vampire on level 13 of the Dungeon)
 25368 | D:13     | Learned a level 2 spell: Swiftness
 25552 | D:14     | Reached skill level 16 in Polearms
 25673 | D:14     | Received a gift from Yredelemnul (a skeletal warrior)
 26002 | D:14     | Found a gate to the Vaults.
 26316 | D:14     | Received a gift from Yredelemnul (a vampire)
 26383 | D:14     | Found a radiant altar of Vehumet.
 26395 | D:14     | Reached skill level 10 in Invocations
 26586 | D:15     | Entered Level 15 of the Dungeon
 26733 | D:15     | Found a shimmering altar of Xom.
 26771 | D:15     | Received a gift from Yredelemnul (a phantasmal warrior)
 26799 | D:15     | Reached skill level 1 in Charms
 26849 | D:15     | Reached skill level 1 in Necromancy
 27772 | D:15     | Found a staircase to the Depths.
 27882 | D:15     | Reached XP level 16. HP: 113/141 MP: 14/22
 28286 | Shoals:1 | Entered Level 1 of the Shoals
 28444 | Shoals:1 | Noticed Kirke
 28457 | Shoals:1 | Killed Kirke
 28563 | Shoals:1 | Noticed Donald
 28572 | Shoals:1 | Killed Donald
 28578 | Shoals:1 | Received a gift from Yredelemnul (a ghoul)
 28843 | Shoals:1 | Noticed Aizul
 28850 | Shoals:1 | Killed Aizul
 29195 | Shoals:1 | Noticed Louise
 29213 | Shoals:1 | Cast into level 3 of the Abyss (Louise)
 29276 | Abyss:3  | Found a corrupted altar of Lugonu.
 29289 | Abyss:3  | Noticed a tentacled starspawn
 29303 | Abyss:3  | Killed a tentacled starspawn
 29334 | Abyss:3  | Received a gift from Yredelemnul (a profane servitor)
 29468 | Abyss:3  | Received a gift from Yredelemnul (a vampire knight)
 29484 | Abyss:3  | Noticed a tentacled starspawn
 29493 | Abyss:3  | Killed a tentacled starspawn
 29506 | Shoals:1 | Escaped the Abyss
 29512 | Shoals:1 | Killed Louise
 29945 | Shoals:2 | Received a gift from Yredelemnul (a vampire)
 29950 | Shoals:2 | Reached skill level 17 in Polearms
 30315 | Shoals:2 | Found Raquy's Assorted Antiques.
 30323 | Shoals:2 | Bought a scroll labeled PEOD QEIGY for 24 gold pieces
 30347 | Shoals:2 | Received a gift from Yredelemnul (a ghoul)
 30486 | Shoals:3 | Found a frozen archway.
 30550 | IceCv    | Entered an ice cave
 31490 | IceCv    | Noticed an Ice Fiend
 31495 | IceCv    | Annihilated by an Ice Fiend

Skill      XL: |  1  2  3  4  5  6  7  8  9 10 11 12 13 14 15 16 |
---------------+-------------------------------------------------+-----
Polearms       | 1 2 3 4 6 7 9 10 12 13 14 15 16 17 | 17.3
Dodging        | 4 5 6 7 8 9 10 11 | 11.5
Fighting       | 4 5 6 7 8 9 10 11 12 13 | 13.3
Shields        | 1 2 3 4 5 7 8 9 10 11 12 | 12.2
Invocations    | 1 2 3 4 5 6 7 8 9 10 | 10.6
Armour         | 1 2 3 5 6 7 8 9 10 11 12 | 12.3
Evocations     | 2 4 5 6 7 |  7.8
Stealth        | 2 3 4 |  4.5
Translocations | 1 |  1.7
Spellcasting   | 2 3 |  3.1
Charms         | 1 2 |  2.2
Necromancy     | 1 2 |  2.3
Axes           | |  3.8

Action                   |  1- 3 |  4- 6 |  7- 9 | 10-12 | 13-15 | 16-18 || total
-------------------------+-------+-------+-------+-------+-------+-------++-------
Melee: Hand axe          |    18 |       |       |       |       |       ||    18
       Spear             |    59 |   183 |   272 |   594 |  1071 |   374 ||  2553
       Headbutt          |    10 |    23 |    33 |   116 |   245 |    92 ||   519
 Fire: Hand crossbow     |       |       |       |     1 |     3 |       ||     4
Throw: Tomahawk          |       |       |       |     1 |     3 |       ||     4
 Cast: Blink             |       |       |       |       |     1 |       ||     1
Invok: Animate Remains   |       |    12 |       |       |       |       ||    12
       Animate Dead      |       |     6 |    29 |    47 |    66 |    19 ||   167
       Injury Mirror     |       |       |       |     2 |     2 |     1 ||     5
       Recall Undead Sla |       |       |       |       |     2 |     1 ||     3
       Enslave Soul      |       |       |       |       |     2 |       ||     2
       Drain Life        |       |       |       |       |     1 |       ||     1
 Abil: Evoke Flight      |       |       |       |       |       |     1 ||     1
Evoke: Wand              |       |       |       |       |     4 |     7 ||    11
  Use: Scroll            |       |    13 |    15 |     7 |    10 |     5 ||    50
       Potion            |       |       |       |       |     2 |     1 ||     3
 Stab: Sleeping          |     1 |       |       |       |    17 |     8 ||    26
       Distracted        |       |       |       |     5 |    11 |     6 ||    22
       Confused          |       |       |       |       |     1 |     2 ||     3
  Eat: Chunk             |     1 |     9 |    23 |    23 |    34 |     6 ||    96
       Meat ration       |       |     1 |       |     2 |     3 |     3 ||     9
       Fruit             |       |       |       |     3 |     4 |       ||     7
       Bread ration      |       |       |       |     1 |       |       ||     1
       Royal jelly       |       |       |       |       |     2 |       ||     2
Armor: Robe              |     7 |       |       |       |       |       ||     7
       Ring mail         |     6 |       |       |       |       |       ||     6
       Chain mail        |       |    75 |    60 |    52 |       |       ||   187
       Leather armour    |       |       |       |    14 |   129 |    51 ||   194
Dodge: Dodged            |    33 |    50 |    43 |   114 |   246 |   124 ||   610
Block: Buckler           |       |    28 |    40 |    87 |   203 |    21 ||   379
       Shield            |       |       |       |       |       |   125 ||   125
       Reflection        |       |       |       |       |       |     6 ||     6
